 Dungeon Crawl Stone Soup version 0.22-a0-284-g99d1f74 (webtiles) character file.

319 galech the Chopper (level 6, -3/48 HPs)
             Began as a Human Monk on Mar 20, 2018.
             Killed from afar by an orc wizard (4 damage)
             ... with a puff of frost
             ... on level 4 of the Dungeon.
             The game lasted 00:05:17 (3725 turns).

galech the Chopper (Human Monk)                     Turns: 3725, Time: 00:05:19

Health: -3/48      AC:  9    Str: 12    XL:     6   Next: 74%
Magic:  6/6        EV: 12    Int: 10    God:
Gold:   129        SH:  8    Dex: 17    Spells: 5/5 levels left

rFire    . . .     SeeInvis .   a - +0 hand axe
rCold    . . .     Gourm    .   d - +2 buckler
rNeg     . . .     Faith    .   g - +4 ring mail
rPois    .         Spirit   .   (no helmet)
rElec    .         Reflect  +   (no cloak)
rCorr    .         Harm     .   (no gloves)
MR       .....                  (no boots)
Stlth    ++........             o - +2 amulet of reflection
HPRegen  0.16/turn              (no ring)
MPRegen  0.10/turn              (no ring)

@: no status effects
A: no striking features
a: no special abilities


You were on level 4 of the Dungeon.
You were hungry.

You visited 1 branch of the dungeon, and saw 4 of its levels.

You collected 129 gold pieces.

Inventory:

Hand Weapons
 a - a +0 hand axe (weapon)
Armour
 d - a +2 buckler (worn)
 g - a +4 ring mail (worn)
Jewellery
 o - a +2 amulet of reflection (around neck)
Wands
 w - a wand of flame (33)
Scrolls
 e - a scroll of magic mapping {unknown}
 f - 4 scrolls of fear {unknown}
 l - 4 scrolls of identify {unknown}
 m - a scroll of remove curse {unknown}
 p - a scroll of teleportation {unknown}
 s - a scroll of fog {unknown}
 u - a scroll of random uselessness {unknown}
Potions
 b - a potion of curing {unknown}
 h - a potion of mutation {unknown}
 i - 3 potions of flight {unknown}
 j - 2 potions of brilliance {unknown}
 k - a potion of degeneration {unknown}
 n - a potion of heal wounds {unknown}
 r - a potion of agility {unknown}
 t - a potion of might {unknown}
 v - a potion of resistance {unknown}
Comestibles
 c - 6 rations
 q - 2 chunks of flesh


   Skills:
 + Level 4.2 Fighting
 + Level 4.3 Axes
 + Level 2.2 Armour
 + Level 4.2 Dodging
 - Level 2.0 Stealth
 + Level 1.9 Shields


You had 5 spell levels left.
You didn't know any spells.

Dungeon Overview and Level Annotations

Branches:
Dungeon (4/15)
 Temple: D:4-7

Altars:


Message History

The orc wizard gestures at you while chanting.
The magic dart hits you!
You barely miss the orc wizard.
The orc wizard is almost dead.
You hit the orc priest but do no damage.
The orc priest hits you with a morningstar.
* * * LOW HITPOINT WARNING * * *
The orc wizard casts a spell.
The orc wizard flickers and vanishes!
Deactivating autopickup; reactivate with Ctrl-A.
You hit something.
You hit the orc priest but do no damage.
Something hits you but does no damage.
The orc priest calls down the wrath of Beogh upon you.
Beogh smites you!
* * * LOW HITPOINT WARNING * * *
You hear some strange, mumbled words.
A puff of frost appears from out of thin air!
The puff of frost hits you!
You die...

#########.......#......#.....#...
..........(.....#......# #...
................#......# #...
................#......#######...
................#................
.......##.......#................
.......##.......#................
...............{#................
..(.............@o...............
................#......##########
#################......+
..........o............#
.................#######
.................#
.................#
.................#
########.........#


You could see an orc priest.

Vanquished Creatures
  A hound (D:4)
  3 orc priests
  An orc wizard (D:2)
  3 adders
  4 gnolls (D:3)
  3 oozes
  2 worms
  A dart slug (D:3)
  3 leopard geckos
  9 orcs
  A ball python (D:1)
  3 giant cockroaches
  3 goblins
  10 hobgoblins
  5 jackals (D:2)
  3 quokkas
  6 bats
  7 frilled lizards
  7 kobolds
  A quokka zombie (D:4)
  10 rats
86 creatures vanquished.

Notes
Turn   | Place    | Note
-------+----------+-------------------------------------------
     0 | D:1      | galech the Human Monk began the quest for the Orb.
     0 | D:1      | Reached XP level 1. HP: 18/18 MP: 1/1
    73 | D:1      | Reached XP level 2. HP: 16/24 MP: 2/2
   361 | D:1      | Reached XP level 3. HP: 24/29 MP: 3/3
  1153 | D:2      | Reached XP level 4. HP: 26/35 MP: 4/4
  1464 | D:2      | Reached skill level 1 in Armour
  1591 | D:2      | Reached skill level 1 in Shields
  1591 | D:2      | Reached XP level 5. HP: 30/42 MP: 5/5
  2702 | D:3      | Reached XP level 6. HP: 44/48 MP: 6/6
  3725 | D:4      | HP: 1/48 [orc priest/divine providence (8)]
  3725 | D:4      | Killed from afar by an orc wizard

Vault maps used:
D:1:      minmay_arrival_five_plusses
D:2:      first_ration

Skill      XL: |  1  2  3  4  5  6 |
---------------+-------------------+-----
Armour         | 1 2 |  2.2
Shields        | 1 |  1.9
Axes           | 4 |  4.3
Dodging        | 4 |  4.2
Fighting       | 4 |  4.2
Stealth        | |  2.0

Action                   |  1- 3 |  4- 6 || total
-------------------------+-------+-------++-------
Melee: Hand axe          |   119 |   285 ||   404
 Stab: Sleeping          |     2 |     2 ||     4
  Eat: Chunk             |     1 |     8 ||     9
Armor: Robe              |     3 |       ||     3
       Ring mail         |    40 |    85 ||   125
Dodge: Dodged            |    86 |   115 ||   201
Block: Buckler           |       |    81 ||    81
       Reflection        |       |     1 ||     1

Table legend:
 A = Spawn XP
 B = Non-spawn XP
 C = Spawn XP percentage of total XP
 D = Spawn monster count
 E = Non-spawn monster count
 F = Spawn count percentage of total count
 G = Total turns spent on level
                    A         B        C        D         E        F      G
               +---------+---------+-------+---------+---------+-------+---------
         Total |       0 |     456 |   0.0 |       0 |      86 |   0.0 |  3725
               +---------+---------+-------+---------+---------+-------+---------
           D:1 |       0 |      37 |   0.0 |       0 |      20 |   0.0 |   791
           D:2 |       0 |     148 |   0.0 |       0 |      33 |   0.0 |  1412
           D:3 |       0 |     220 |   0.0 |       0 |      27 |   0.0 |  1135
           D:4 |       0 |      51 |   0.0 |       0 |       6 |   0.0 |   387
               +---------+---------+-------+---------+---------+-------+---------
